AoeStats
← harooooo

Arabia

507764191Analyzed
1v1 RM · 13d ago on Sep 19, 2026· 35m 39s· 2 players
Game mode
Random Map
Map size
Tiny (2 player)
Population
200
Speed
Normal
Resources
Standard
Victory
Conquest
Starting age
Dark Age
Ending age
Imperial Age
RankedLock teamsTeams togetherTeam positionsShared explorationLock speedFull tech treeHidden civsTurbo modeCheats
Victory
Defeat
🇧🇦 Aztecs · Bosnia & Herzegovina
1892
+12
🇦🇹 Byzantines · Austria
1795
-12
Black Lotus
7:51 Loom
10:29 Feudal Age
17:11 Man-at-Arms
21:29 Castle Age
20:23 Fletching
20:48 Arson
21:27 Padded Archer Armor
22:10 Bodkin Arrow
22:37 Long Swordsman
24:01 Scale Mail Armor
24:11 Elite Skirmisher
25:42 Leather Archer Armor
29:53 Ballistics
30:53 Gold Mining
34:12 Ballistics
harooooo
5:38 Loom
6:08 Loom
9:01 Feudal Age
13:49 Double-Bit Axe
22:49 Castle Age
22:00 Fletching
22:11 Padded Archer Armor
22:41 Gold Mining
23:31 Bodkin Arrow
23:10 Crossbowman
24:45 Bow Saw
26:55 Wheelbarrow
26:26 Horse Collar
29:48 Town Watch
32:57 Elite Skirmisher
33:53 Leather Archer Armor
Connection lost

Rejoining the realm…

Still unreachable

The connection could not be restored.

Session expired

The server has moved on; the page needs a fresh start.